 Dungeon Crawl Stone Soup version 0.22-a0-305-gd21a89c (webtiles) character file.

107 macandcheese the Cudgeler (level 4, -6/34 HPs)
             Began as a Demonspawn Gladiator on Mar 29, 2018.
             Mangled by a gnoll
             ... wielding a cursed -1 club
              (7 damage)
             ... on level 2 of the Dungeon.
             The game lasted 00:03:16 (1195 turns).

macandcheese the Cudgeler (Demonspawn Gladiator)    Turns: 1195, Time: 00:03:16

Health: -6/34      AC:  6    Str: 16    XL:     4   Next: 56%
Magic:  0/4        EV: 12    Int:  9    God:
Gold:   88         SH:  4    Dex: 14    Spells: 3/3 levels left

rFire    . . .     SeeInvis .   a - +0 flail
rCold    . . .     Gourm    .   g - +0 buckler (curse)
rNeg     . . .     Faith    .   b - +0 leather armour
rPois    .         Spirit   +   c - +0 helmet
rElec    .         Reflect  .   (no cloak)
rCorr    .         Harm     .   (no gloves)
MR       .....                  (no boots)
Stlth    +.........             (no amulet)
HPRegen  0.11/turn              (no ring)
MPRegen  0.09/turn              (no ring)

@: no status effects
A: slimy green scales 1, magic shield, rot immunity
a: no special abilities


You were on level 2 of the Dungeon.
You were not hungry.

You visited 1 branch of the dungeon, and saw 2 of its levels.

You collected 88 gold pieces.

Inventory:

Hand Weapons
 a - a +0 flail (weapon)
Missiles
 d - 3 throwing nets (quivered)
 e - 29 stones
Armour
 b - a +0 leather armour (worn)
 c - a +0 helmet (worn)
 g - a cursed +0 buckler (worn)
Scrolls
 h - a scroll of teleportation
 i - a scroll of remove curse {unknown}
 k - 2 scrolls of blinking
Comestibles
 f - 3 rations


   Skills:
 + Level 2.6 Fighting
 + Level 3.7 Maces & Flails
 + Level 2.0 Throwing
 + Level 0.6 Armour
 + Level 3.1 Dodging
 + Level 1.0 Shields


You had 3 spell levels left.
You didn't know any spells.

Dungeon Overview and Level Annotations

Branches:
Dungeon (2/15)

Altars:


Innate Abilities, Weirdness & Mutations

You are partially covered in slimy green scales. (AC +2)
When hurt, damage is shared between your health and your magic reserves.
You are immune to rotting.


Message History

You kill the rat!
The gnoll misses you.
The gnoll hits you from afar with a spear.
* * * LOW HITPOINT WARNING * * *
You block the gnoll shaman's attack.
You hit the gnoll shaman.
You kill the gnoll shaman!
The gnoll closely misses you. The goblin barely misses you.
The gnoll misses you. You block the gnoll's attack. x2
You hit the goblin.
The goblin is almost dead.
The gnoll closely misses you. The kobold barely misses you.
The goblin hits you.
* * * LOW HITPOINT WARNING * * *
The gnoll barely misses you. x2; The kobold barely misses you.
You block the gnoll's attack. The gnoll hits you but does no damage.
The goblin hits you.
Unknown command.
The gnoll hits you with a club!
You die...

#.....# ##... #.....# .....
#.....# .... #.....# r..
#####.....# #.##
##...#.....######## ########.##
##.(..#.....<......#
....Kg##..###.g...#.....####.####
...og[......og.g@................
...g####.....g.K..#.......)######
....# #..........#........# ##
....# ###.########........# #.
....# #.########........# ##
....# #..#..............# ###
#...# ##.#..............# #..
..... #................# #..
##...........##### #..


You could see 3 gnolls, an orc, a goblin and a kobold.

Vanquished Creatures
  A gnoll shaman (D:2)
  A worker ant (D:2)
  2 adders (D:2)
  A dart slug (D:2)
  A leopard gecko (D:2)
  2 giant cockroaches (D:2)
  2 goblins (D:1)
  2 hobgoblins
  3 jackals (D:2)
  4 kobolds
  A quokka (D:2)
  A ball python (D:2)
  9 bats
  2 frilled lizards
  6 rats (D:2)
38 creatures vanquished.

Notes
Turn   | Place    | Note
-------+----------+-------------------------------------------
     0 | D:1      | macandcheese the Demonspawn Gladiator began the quest for the Orb.
     0 | D:1      | Reached XP level 1. HP: 16/16 MP: 1/1
   179 | D:1      | Gained mutation: You are partially covered in slimy green scales. (AC +2) [demonic ancestry]
   179 | D:1      | Reached XP level 2. HP: 21/22 MP: 2/2
   666 | D:2      | Gained mutation: When hurt, damage is shared between your health and your magic reserves. [demonic ancestry]
   666 | D:2      | Reached XP level 3. HP: 23/27 MP: 3/3
   702 | D:2      | HP: 2/42 [poisoned by a worker ant]
  1165 | D:2      | Gained mutation: You are immune to rotting. [demonic ancestry]
  1165 | D:2      | Reached XP level 4. HP: 34/34 MP: 4/4
  1186 | D:2      | Reached skill level 1 in Shields
  1193 | D:2      | HP: 1/34 [goblin (1)]
  1195 | D:2      | Mangled by a gnoll

Vault maps used:
D:1:      ncdulo_wetmaze, serial_corexii_hall, corexii_hall_statues_i,
          corexii_hall_statues_l
D:2:      marbit_many_paths, nicolae_underground_beach

Skill      XL: |  1  2  3  4 |
---------------+-------------+-----
Throwing       | 2 |  2.0
Dodging        | 3 |  3.1
Maces & Flails | 3 |  3.7
Shields        | 1 |  1.0
Fighting       | |  2.6
Armour         | |  0.6

Action                   |  1- 3 |  4- 6 || total
-------------------------+-------+-------++-------
Melee: Flail             |   120 |    15 ||   135
  Use: Scroll            |     2 |       ||     2
       Potion            |     2 |       ||     2
  Eat: Ration            |     1 |       ||     1
Armor: Leather armour    |    70 |    11 ||    81
       Skin              |    17 |       ||    17
Dodge: Dodged            |   115 |    37 ||   152
Block: Buckler           |    30 |    12 ||    42

Table legend:
 A = Spawn XP
 B = Non-spawn XP
 C = Spawn XP percentage of total XP
 D = Spawn monster count
 E = Non-spawn monster count
 F = Spawn count percentage of total count
 G = Total turns spent on level
                    A         B        C        D         E        F      G
               +---------+---------+-------+---------+---------+-------+---------
         Total |       0 |     153 |   0.0 |       0 |      38 |   0.0 |  1195
               +---------+---------+-------+---------+---------+-------+---------
           D:1 |       0 |      15 |   0.0 |       0 |      10 |   0.0 |   411
           D:2 |       0 |     138 |   0.0 |       0 |      28 |   0.0 |   784
               +---------+---------+-------+---------+---------+-------+---------
